 Dungeon Crawl Stone Soup version 0.29.1-1-gd02db6906a (webtiles) character file.

Game seed: 14559825163288059792

25 cdecastro the Digger (level 3, -4/19 HPs)
             Began as a Gargoyle Earth Elementalist on Sept 27, 2022.
             Was a Follower of Uskayaw.
             Slain by a worm (10 damage)
             ... on level 2 of the Dungeon.
             The game lasted 00:02:24 (1788 turns).

cdecastro the Digger (Gargoyle Earth Elementalist)  Turns: 1788, Time: 00:02:24

Health: -4/19      AC:  5    Str: 11    XL:     3   Next: 4%
Magic:  6/6        EV: 11    Int: 17    God:    Uskayaw [*.....]
Gold:   68         SH:  0    Dex: 10    Spells: 5/6 levels left

rFire   . . .      SeeInvis .   j - +0 dagger
rCold   . . .      Faith    .   (no shield)
rNeg    + . .      Spirit   .   a - +0 robe
rPois   ∞          Reflect  .   g - +0 hat
rElec   +          Harm     .   (no cloak)
rCorr   .          Rampage  .   (no gloves)
Will    .....                   (no boots)
Stlth   ++........              (no amulet)
HPRegen 0.06/turn               (no ring)
MPRegen 0.10/turn               (no ring)

@: no status effects
A: sickness immunity, AC +3, negative energy resistance 1, electricity
resistance, torment resistance 1, petrification resistance
a: Renounce Religion, Stomp


You were on level 2 of the Dungeon.
You worshipped Uskayaw.
Uskayaw was noncommittal.
You visited 1 branch of the dungeon, and saw 2 of its levels.

You collected 68 gold pieces.

Inventory:

Hand Weapons
 d - a +0 whip
 j - a +0 dagger (weapon)
Missiles
 e - 10 stones
 m - 6 poisoned darts
Armour
 a - a +0 robe (worn)
 g - a +0 hat (worn)
Scrolls
 c - a scroll of silence {unknown}
 f - 2 scrolls of identify {unknown}
 k - 2 scrolls of teleportation {unknown}
 l - a scroll of enchant armour {unknown}
Potions
 b - a potion of magic
 h - a potion of cancellation {unknown}
 i - a potion of might {unknown}


   Skills:
 - Level 1.5 Dodging
 - Level 2.1 Stealth
 - Level 2.0 Spellcasting
 - Level 0.7 Transmutations
 + Level 5.0 Earth Magic


You had 5 spell levels left.
You knew the following spells:

 Your Spells              Type           Power      Damage    Failure   Level
a - Sandblast             Erth           36%        2d10      2%          1

Your spell library contained the following spells:

 Spells                   Type           Power      Damage    Failure   Level
 Passwall                 Tmut/Erth      9%         N/A       9%          2
 Stone Arrow              Conj/Erth      20%        3d8       21%         3
 Petrify                  Tmut/Erth      11%        N/A       52%         4


Dungeon Overview and Level Annotations

Branches:
Dungeon (2/15)

Altars:
Uskayaw


Innate Abilities, Weirdness & Mutations

You are immune to sickness and miasma.
Your stone body is resilient. (AC +3)
You are immune to poison.
You resist negative energy. (rN+)
You are resistant to electric shocks. (rElec)
You are resistant to unholy torment.
You are immune to petrification.


Message History

The worm bites you.
You barely miss the worm.
The worm is heavily wounded.
The worm bites you but does no damage.
You hit the worm but do no damage.
The worm is moderately wounded.
You hit the worm but do no damage.
The worm is moderately wounded.
The worm closely misses you.
You can no longer pass through a line of other dancers.
You hit the worm but do no damage.
The worm is moderately wounded.
You hit the worm but do no damage.
The worm is moderately wounded.
The worm bites you.
You hit the worm.
The worm is moderately wounded.
The worm completely misses you.
You hit the worm.
The worm is heavily wounded.
You hit the worm.
The worm is severely wounded.
The worm bites you but does no damage.
You hit the worm.
The worm is severely wounded.
You hit the worm but do no damage.
The worm is severely wounded.
The worm misses you.
You hit the worm.
The worm is severely wounded.
The worm bites you!
Ouch! That really hurt!
* * * LOW HITPOINT WARNING * * *
You hit the worm but do no damage.
The worm is severely wounded.
You hit the worm.
The worm is severely wounded.
The worm bites you!
Ouch! That really hurt!
You die...

...# .!.# #. .... #.
#..# ### ####
#.###..# #.. ..#
#.#....### #<# #.#
#.#.#....# #.# #.###
...#.# ..#
#...###..#@# #.#
#........#w# .#
#.#####.#.###..#.##.#
#.......#).......##.#
.###.#.######..####.#
#.##.#.# #.w# #.#
##...#.# #..# #.#
#### # .....#
#..####.##.....
.####### #..........#


You could see a worm.

Vanquished Creatures
  A ball python (D:1)
  7 bats
  2 endoplasms (D:1)
  2 giant cockroaches (D:1)
  3 goblins
  A hobgoblin (D:1)
  2 kobolds
  2 rats (D:1)
20 creatures vanquished.

Vanquished Creatures (others)
  A demonic plant (D:1)
  A fungus (D:1)
2 creatures vanquished.

Grand Total: 22 creatures vanquished

Notes
Turn   | Place    | Note
-------+----------+-------------------------------------------
     0 | D:1      | cdecastro the Gargoyle Earth Elementalist began the quest
                  | for the Orb.
     0 | D:1      | Reached XP level 1. HP: 10/10 MP: 3/3
   473 | D:1      | Reached skill level 4 in Earth Magic
   509 | D:1      | Found a faded altar of an unknown god.
   592 | D:1      | Reached XP level 2. HP: 15/15 MP: 5/5
   795 | D:1      | Prayed at the altar of an unknown god.
   795 | D:1      | Became a worshipper of Uskayaw the Reveller
   795 | D:1      | Reached * piety under Uskayaw
   929 | D:1      | Reached ** piety under Uskayaw
   936 | D:1      | Reached *** piety under Uskayaw
  1759 | D:2      | Reached XP level 3. HP: 19/19 MP: 6/6
  1765 | D:2      | Reached skill level 5 in Earth Magic
  1788 | D:2      | Slain by a worm

Illustrated notes

Levels and vault maps discovered:
D:1:      scummos_arrival_gate, layout_basic, shapermc_ecumenical_altar_gd
D:2:      layout_loops_ring, uniq_jessica

Skill      XL: |  1  2  3 |
---------------+----------+-----
Earth Magic    | 4 5 |  5.0
Dodging        | |  1.5
Stealth        | |  2.1
Spellcasting   | |  2.0
Transmutations | |  0.7

Action                   || total
-------------------------++-------
Melee: Unarmed           ||    27
       Whip              ||    46
       Dagger            ||    43
       Punch             ||     1
 Cast: Sandblast         ||     3
 Stab: Sleeping          ||     4
Armor: Robe              ||    59
Dodge: Dodged            ||    83
